 Dungeon Crawl Stone Soup version 0.32-a0-450-g080537f31e (webtiles) character file.

Game seed: 15062736994941840395

5 runemasterragnar the Sneak (level 1, 16/16 HPs)
             Began as a Coglin Brigand on Feb 23, 2024.
             Was a Follower of Zin.
             Quit the game on level 1 of the Dungeon.
             The game lasted 00:00:33 (120 turns).

runemasterragnar the Sneak (Coglin Brigand)          Turns: 120, Time: 00:00:34

Health: 16/16      AC:  3    Str: 11    XL:     1   Next: 80%
Magic:  1/1        EV: 11    Int: 10    God:    Zin [*.....]
Gold:   0          SH:  0    Dex: 15    Spells: 0/0 levels left

rFire   . . .        a - +2 dagger {Seoyun}
rCold   . . .        (no shield)
rNeg    . . .        b - +0 robe
rPois   .            (no helmet)
rElec   .            c - +0 cloak
rCorr   .            (no gloves)
SInv    .            (no boots)
Will    .....        (no amulet)
Stlth   ++           (no ring)
HPRegen 0.22/turn    (no ring)
MPRegen 0.07/turn

%: no passive effects
@: revving
A: off-hand wielding, slow wielding, warmup strikes, legs shutdown
a: Renounce Religion, Recite, Donate Gold


You were on level 1 of the Dungeon.
You worshipped Zin.
Zin was aware of your devotion.
You visited 1 branch of the dungeon, and saw 1 of its levels.

Inventory:

Hand Weapons
 a - a +2 dagger (weapon) {Seoyun}
Missiles
 d - 9 poisoned darts (quivered)
 e - 3 curare-tipped darts
Armour
 b - a +0 robe (worn)
 c - a +0 cloak (worn)
Talismans
 f - a flux talisman


   Skills:
 + Level 2.2 Fighting
 - Level 1.7 Short Blades
 + Level 2.0 Throwing
 - Level 0.8 Dodging
 - Level 3.2 Stealth


You couldn't memorise any spells.
You didn't know any spells.
Your spell library was empty.

Dungeon Overview and Level Annotations

Branches:
Dungeon (1/15)

Altars:
Zin


Innate Abilities, Weirdness & Mutations

You can wield a second weapon in your off-hand.
It takes a long time for you to wield or remove held weapons.
Your first few attacks do less damage.
Attacking and casting redirects power from your legs.


Message History

Unknown command.
You closely miss the goblin.
The goblin is heavily wounded.
The goblin misses you.
You closely miss the goblin.
The goblin is heavily wounded.
The goblin hits you with a +0 club.
You hit the goblin.
The goblin is severely wounded.
The goblin hits you but does no damage.
You hit the goblin.
You kill the goblin!
Your Throwing skill increases to level 2!
Unknown command.
You are no longer unable to travel.
You barely miss the rat. You hit the rat.
You kill the rat!
You enter the shallow water.
Moving in this stuff is going to be slow.
You see here 3 stones.
A frilled lizard comes into view.
Why would you want to do that?
There is a faded altar of an unknown god here.
This altar belongs to (a) Okawaru, (b) Zin or (c) Trog, but you can't tell which.
Press the corresponding letter to learn more about a god, or press enter to convert or escape to cancel.
Zin accepts your prayer! Zin welcomes you!
You can now donate money to Zin.
You can now recite Zin's Axioms of Law.
The frilled lizard hisses angrily.
You enter the shallow water.
Moving in this stuff is going to be slow.
The frilled lizard misses you. The frilled lizard closely misses you.
You closely miss the frilled lizard.
The frilled lizard bites you but does no damage.
You hit the frilled lizard.
You kill the frilled lizard!
No target in view!
No target in view!
You see here a frilled lizard corpse.
Are you sure you want to abandon this character and quit the game? (Confirm with "yes".)

#.≈~≈≈≈≈≈≈≈~...
#.~≈≈≈~~≈≈≈~.... .. ##
#.~≈≈~~..~≈≈≈.#.#.# ##
...#..~≈~._.~≈~.~#.#) #.
.#.#.~~≈~~..~≈≈~..... #.
......~≈~~≈~≈≈≈.....# #.
......~~~~~~≈≈~~....# #.
.#.~≈~~†≈~~~~~....#####.
#.~.~.@~~.≈~.........#.
#~~.(...~...~~...###...
##.#)..##............##
#.#...)?....?.......#. #
###.##............#.
...#######...#####.
#....# #....>..#. #.####
#...#####. #. #...# ##


There were no monsters in sight!

Vanquished Creatures
  A goblin (D:1)
  A hobgoblin (D:1)
  A frilled lizard (D:1)
  A kobold (D:1)
  2 rats (D:1)
6 creatures vanquished.

Notes
Turn   | Place    | Note
-------+----------+-------------------------------------------
     0 | D:1      | runemasterragnar the Coglin Brigand began the quest for the
                  | Orb.
     0 | D:1      | Reached XP level 1. HP: 16/16 MP: 1/1
    93 | D:1      | Found a faded altar of an unknown god.
   112 | D:1      | Prayed at the altar of an unknown god.
   112 | D:1      | Became a worshipper of Zin the Law-Giver
   112 | D:1      | Reached * piety under Zin
   120 | D:1      | Quit the game

Illustrated notes

Levels and vault maps discovered:
D:1:      matt_arrival_spirals, layout_loops_cross,
          chequers_ecumenical_altar_island, hangedman_abyss_or_decor_lesser_grid

Skill      XL: |  1 |
---------------+----+-----
Throwing       | 2 |  2.0
Fighting       | |  2.2
Short Blades   | |  1.7
Dodging        | |  0.8
Stealth        | |  3.2

Action                     || total
---------------------------++-------
  Melee: Dagger            ||    17
 Armour: Robe              ||     8
  Dodge: Dodged            ||    11

Table legend: (Time is in decaauts)
 A = Elapsed time spent in this place.
 B = Non-inter-level travel time spent in this place.
 C = Inter-level travel time spent in this place.
 D = Time resting spent in this place.
 E = Time spent auto-exploring this place.
 F = Levels seen in this place.
 G = Mean time per level.
                   A        B        C        D        E       F      G
               +--------+--------+--------+--------+--------+-----+--------+
         Total |    123 |    123 |      0 |      0 |     62 |   1 |  123.0 |
       Dungeon |    123 |    123 |      0 |      0 |     62 |   1 |  123.0 |
               +--------+--------+--------+--------+--------+-----+--------+

Top non-repeatable levels by time:
     D:1: 123 daAuts
